 Dungeon Crawl Stone Soup version 0.23-a0-359-g9beedce (webtiles) character file.

12211 Cryolive the Geomancer (level 11, -3/64 HPs)
             Began as a Gargoyle Earth Elementalist on Oct 22, 2018.
             Was a Believer of Vehumet.
             Killed from afar by Fannar (27 damage)
             ... with a bolt of cold
             ... on level 10 of the Dungeon on Oct 23, 2018.
             The game lasted 01:41:38 (12873 turns).

Cryolive the Geomancer (GrEE)                      Turns: 12873, Time: 01:41:39

Health: -3/64      AC: 16    Str: 11    XL:     11   Next: 89%
Magic:  3/22       EV: 14    Int: 20    God:    Vehumet [**....]
Gold:   293        SH:  0    Dex: 10    Spells: 14/24 levels left

rFire    . . .     SeeInvis .   J - staff of poison
rCold    . . .     Gourm    .   (no shield)
rNeg     + . .     Faith    .   A - +2 robe {MR+}
rPois    ∞         Spirit   .   (no helmet)
rElec    +         Reflect  .   L - +0 cloak
rCorr    +         Harm     .   (no gloves)
MR       +....                  (no boots)
Stlth    ++........             w - amulet of the acrobat
HPRegen  0.20/turn              s - ring of resist corrosion
MPRegen  0.18/turn              D - +3 ring of protection

@: no status effects
A: negative energy resistance 1, electricity resistance, unbreathing,
petrification resistance, rot immunity, AC +8
a: Renounce Religion


You were on level 10 of the Dungeon.
You worshipped Vehumet.
Vehumet was pleased with you.
You were hungry.

You visited 2 branches of the dungeon, and saw 12 of its levels.

You collected 469 gold pieces.
You spent 176 gold pieces at shops.

Inventory:

Hand Weapons
 y - the +3 dagger of Earthquakes {elec, +Inv rN+ Int-5 Dex+2}
   (You found it on level 4 of the Dungeon)

   Occasionally, upon striking a foe, it will discharge some electrical energy
   and cause terrible harm.
   It affects your intelligence (-5).
   It affects your dexterity (+2).
   It protects you from negative energy.
   It lets you turn invisible.
 F - a +2 whip of freezing
 O - a +0 dire flail
Missiles
 b - 412 stones (quivered)
Armour
 A - a +2 robe of magic resistance (worn)
 L - a +0 cloak (worn)
Magical Staves
 E - an uncursed staff of poison
 J - an uncursed staff of poison (weapon)
Jewellery
 a - an uncursed ring of magical power {unknown}
 s - a ring of resist corrosion (left hand)
 w - an amulet of the acrobat (around neck)
 D - a +3 ring of protection (right hand)
 S - a +6 ring of dexterity
Wands
 t - a wand of paralysis (20)
 B - a wand of flame (11)
 H - a wand of random effects (50)
 K - a wand of acid (9)
 M - a wand of polymorph (14)
Scrolls
 f - a scroll of enchant weapon
 g - 9 scrolls of remove curse
 h - 3 scrolls of amnesia {unknown}
 l - 2 scrolls of immolation {unknown}
 q - a scroll of random uselessness {unknown}
 r - 2 scrolls of fog {unknown}
 u - a scroll of enchant armour {unknown}
 x - 2 scrolls of magic mapping {unknown}
 C - 4 scrolls of teleportation
 I - a scroll of blinking {unknown}
 N - 3 scrolls of fear
 Q - a scroll of silence {unknown}
 T - 2 scrolls of identify
Potions
 c - 2 potions of resistance {unknown}
 e - a potion of berserk rage {unknown}
 j - a potion of brilliance {unknown}
 k - 2 potions of curing
 m - 2 potions of might
 n - a potion of cancellation {unknown}
 o - 2 potions of mutation {unknown}
 p - 2 potions of degeneration {unknown}
 v - 2 potions of flight
 z - 3 potions of lignification
 G - a potion of ambrosia {unknown}
 P - a potion of haste {unknown}
Comestibles
 d - 9 rations


   Skills:
 + Level 6.3 Fighting
 + Level 5.8 Maces & Flails
 - Level 6.0 Armour
 + Level 5.2 Dodging
 - Level 2.1 Stealth
 + Level 7.4 Spellcasting
 + Level 8.0 Conjurations
   Level 0.7 Transmutations
 + Level 1.3 Fire Magic
 + Level 10.0 Earth Magic
 + Level 5.1 Evocations


You had 14 spell levels left.
You knew the following spells:

 Your Spells              Type           Power        Failure   Level  Hunger
a - Sandblast             Erth           #####.       1%          1    None
b - Stone Arrow           Conj/Erth      #####.       1%          3    #......
c - Lee's Rapid Deconstr  Erth           #####.....   4%          5    #####..
d - Flame Tongue          Conj/Fire      ####.        1%          1    None

Your spell library contained the following spells:

 Spells                   Type           Power        Failure   Level  Hunger
 Shock                    Conj/Air       ###.         1%          1    None
 Passwall                 Tmut/Erth      ####....     1%          2    None
 Petrify                  Tmut/Erth      ####....     10%         4    ###....


Dungeon Overview and Level Annotations

Branches:
Dungeon (11/15)            Temple (1/1) D:7
   Lair: D:8-11         Orc: D:9-12

Altars:
Ashenzari
Cheibriados
Dithmenos
Elyvilon
Fedhas
Gozag
Hepliaklqana
Kikubaaqudgha
Makhleb
Nemelex Xobeh
Okawaru
Qazlal
Ru
Sif Muna
Trog
Uskayaw
Vehumet
Wu Jian
Xom
Yredelemnul
Zin
The Shining One

Shops:
D:4 }   D:7 !   D:10 [

Annotations:
D:10 Fannar


Innate Abilities, Weirdness & Mutations

You are resistant to torment.
Your stone body is resilient. (AC +8)
You are immune to poison.
You resist negative energy. (rN+)
You are resistant to electric shocks. (rElec)
You can survive without breathing.
You are immune to petrification.
You are immune to rotting.


Message History

Tha puff o' flame hits tha ice beast.
Tha ice beast be almost dead.
Tha ice beast hits ye but does nay damage.
Tha ice beast closely misses ye.
Aimin': Throw Flame
Press: ? - help, Shift-Dir - straight line, f/p - Fannar
Aim: Fannar, wieldin' a +0 quarterstaff o' freezin', wearin' a +1 robe o' cold Tha puff o' flame hits tha ice beast.
Tha ice beast melts!
Ye kill tha ice beast!
Fannar mumbles some strange words.
Tha ice beast misses ye.
Aimin': Throw Flame
Press: ? - help, Shift-Dir - straight line, f/p - Fannar
Aim: Fannar, wieldin' a +0 quarterstaff o' freezin', wearin' a +1 robe o' cold Tha puff o' flame hits tha ice beast.
Tha ice beast melts!
Tha ice beast be lightly wounded.
Fannar casts a spell at ye.
Tha bolt o' cold hits tha ice beast.
Tha ice beast completely resists.
Tha bolt o' cold hits ye!
Ye die...

######### #.......# #.......#
#.......# ######### ######
#.......##### #.......# #.....
#..>....[...# #.......# #.....
#.......###.####.......#
#..... #.......#
#.Ye##.......####.....
#.......#
###.Y@Y......'.<#.....
#.......# ####.......##.......
#.......# #.......####.....
##'###### #.......# #.....
#...# ######.## ###### ###.#
########.##########
##'#########...........##.....
#.....#...##...........##.....
#.###.#.####...........##.....


You could see Fannar and 3 ice beasts.

Vanquished Creatures
  2 two-headed ogres
  An unseen horror (D:10)
  Pikel (D:8)
  A gargoyle (D:10)
  A centaur skeleton (D:10)
  Grinder (D:3)
  A hippogriff (D:10)
  2 wyverns
  Sigmund (D:4)
  9 yaks (D:10)
  A human (D:7)
  Eustachio (D:4)
  4 hogs (D:7)
  Menkaure (D:4)
  Duvessa (D:5)
  3 water moccasins
  5 orc warriors
  6 ice beasts
  A black bear (D:10)
  8 ogres
  A phantom (D:7)
  6 sky beasts
  6 centaurs
  2 necrophages
  2 crocodiles
  Blork the orc (D:4)
  A big kobold (D:7)
  8 bullfrogs
  Dowan (D:5)
  2 scorpions
  3 killer bees (D:10)
  2 howler monkeys (D:9)
  3 crimson imps
  A centaur zombie (D:5)
  A quasit (D:9)
  4 bullfrog zombies
  7 hounds
  4 bullfrog skeletons
  6 orc priests
  2 jellies
  3 iron imps (D:4)
  4 worker ants
  2 iguanas
  10 orc wizards
  A killer bee zombie (D:6)
  3 hound skeletons
  A howler monkey skeleton (D:6)
  A worker ant zombie (D:9)
  16 adders
  4 gnolls (D:4)
  An adder zombie (D:9)
  3 worms
  A dart slug (D:2)
  3 leopard geckos
  38 orcs
  10 giant cockroaches
  8 goblins
  9 hobgoblins
  7 jackals
  6 quokkas
  A ball python (D:2)
  14 bats
  2 frilled lizards
  5 kobolds
  A leopard gecko zombie (D:5)
  A quokka skeleton (D:4)
  A quokka zombie (D:7)
  9 rats
279 creatures vanquished.

Vanquished Creatures (others)
  A slave (D:8)
  A plant (D:9)
2 creatures vanquished.

Grand Total: 281 creatures vanquished

Notes
Turn   | Place    | Note
-------+----------+-------------------------------------------
     0 | D:1      | Cryolive the Gargoyle Earth Elementalist began the quest
                  | for the Orb.
     0 | D:1      | Reached XP level 1. HP: 10/10 MP: 3/3
   160 | D:1      | Reached XP level 2. HP: 8/15 MP: 5/5
   206 | D:1      | Reached skill level 4 in Earth Magic
   608 | D:1      | Reached XP level 3. HP: 19/19 MP: 6/6
   620 | D:1      | Learned a level 3 spell: Stone Arrow
  1108 | D:2      | Reached XP level 4. HP: 17/24 MP: 8/8
  1151 | D:2      | Reached skill level 5 in Earth Magic
  1252 | D:2      | Noticed an ogre
  1274 | D:2      | Killed an ogre
  1274 | D:2      | Reached skill level 1 in Conjurations
  1274 | D:2      | Reached XP level 5. HP: 3/28 MP: 6/10
  1525 | D:2      | Found a glowing silver altar of Zin.
  1881 | D:3      | Reached XP level 6. HP: 28/32 MP: 11/11
  2090 | D:3      | Learned a level 5 spell: Lee's Rapid Deconstruction
  2247 | D:3      | Noticed Grinder
  2308 | D:3      | Killed Grinder
  2308 | D:3      | Reached skill level 6 in Earth Magic
  2308 | D:3      | Reached XP level 7. HP: 36/36 MP: 0/13
  2602 | D:4      | Found a blossoming altar of Fedhas.
  2623 | D:4      | Got a steaming dagger
  2634 | D:4      | Identified the +3 dagger of Earthquakes {elec, +Inv rN+
                  | Int-5 Dex+2} (You found it on level 4 of the Dungeon)
  2738 | D:4      | Noticed Blork the orc
  2744 | D:4      | Killed Blork the orc
  2751 | D:4      | Noticed Sigmund
  3083 | D:4      | Killed Sigmund
  3120 | D:4      | Reached skill level 5 in Spellcasting
  3120 | D:4      | Reached skill level 7 in Earth Magic
  3162 | D:4      | Noticed Eustachio
  3197 | D:4      | Found Beerasche's Gadget Shoppe.
  3505 | D:4      | Noticed Menkaure
  3567 | D:4      | Killed Menkaure
  3567 | D:4      | Reached skill level 1 in Fighting
  3567 | D:4      | Reached XP level 8. HP: 34/43 MP: 0/15
  3669 | D:4      | Reached skill level 1 in Armour
  3696 | D:4      | Found a burning altar of Makhleb.
  3845 | D:4      | Reached skill level 1 in Maces & Flails
  4169 | D:4      | Killed Eustachio
  4169 | D:4      | Reached skill level 1 in Evocations
  4361 | D:5      | Entered Level 5 of the Dungeon
  4539 | D:5      | Reached skill level 5 in Conjurations
  4732 | D:5      | Noticed Dowan
  4778 | D:5      | Got a scorched leather armour
  5266 | D:5      | Noticed Duvessa
  5276 | D:5      | Killed Duvessa
  5276 | D:5      | Reached XP level 9. HP: 42/49 MP: 1/17
  5303 | D:5      | Killed Dowan
  5784 | D:6      | Reached skill level 8 in Earth Magic
  6147 | D:6      | Found a stormy altar of Qazlal.
  6740 | D:7      | Found Omoiterch's Distillery.
  6746 | D:7      | Bought a potion of curing for 33 gold pieces
  6746 | D:7      | Bought a potion of heal wounds for 55 gold pieces
  6872 | D:7      | You fall through a shaft!
  7082 | D:7      | Reached XP level 10. HP: 52/56 MP: 13/19
  7424 | D:7      | Found a staircase to the Ecumenical Temple.
  7433 | Temple   | Entered the Ecumenical Temple
  7534 | Temple   | Became a worshipper of Vehumet
  7602 | D:7      | Found a shadowy altar of Dithmenos.
  8050 | D:8      | Noticed a two-headed ogre
  8062 | D:8      | Killed a two-headed ogre
  8062 | D:8      | Reached skill level 9 in Earth Magic
  8090 | D:8      | Found an iron altar of Okawaru.
  8225 | D:8      | Noticed Pikel
  8243 | D:8      | Killed Pikel
  8243 | D:8      | Reached skill level 5 in Fighting
  8243 | D:8      | Reached skill level 5 in Armour
  8756 | D:8      | Found a hide-covered altar of Uskayaw.
  8818 | D:8      | Reached XP level 11. HP: 50/63 MP: 11/21
  8826 | D:8      | Found an iron altar of Okawaru.
  8841 | D:8      | Upgraded the game from 0.23-a0-358-g98c7a59 to
                  | 0.23-a0-359-g9beedce
  9064 | D:9      | Reached * piety under Vehumet
  9064 | D:9      | Offered knowledge of Flame Tongue by Vehumet.
  9064 | D:9      | Reached skill level 5 in Maces & Flails
  9107 | D:9      | Learned a level 1 spell: Flame Tongue
  9611 | D:9      | Noticed a two-headed ogre
  9625 | D:9      | Killed a two-headed ogre
 10209 | D:7      | Bought a potion of curing for 33 gold pieces
 10209 | D:7      | Bought a potion of heal wounds for 55 gold pieces
 11085 | D:10     | Entered Level 10 of the Dungeon
 11280 | D:10     | Found Woppof's Armour Boutique.
 11292 | D:10     | Identified the cursed +0 leather armour of the Page of
                  | Swords {MR+ Int+7 Dex-5} (You found it on level 5 of the
                  | Dungeon)
 11709 | D:10     | Reached ** piety under Vehumet
 11709 | D:10     | Offered knowledge of Shock by Vehumet.
 11888 | D:10     | Reached skill level 5 in Dodging
 12016 | D:10     | Reached skill level 5 in Evocations
 12063 | D:10     | Killed an unseen horror
 12063 | D:10     | Reached skill level 1 in Fire Magic
 12063 | D:10     | Reached skill level 10 in Earth Magic
 12542 | D:11     | Noticed Fannar
 12873 | D:10     | Killed from afar by Fannar

Vault maps used:
D:1:      lightli_arrival_noodles
D:2:      zin_statuary
D:3:      first_ration, interstate_on_off, uniq_grinder
D:4:      demons_altar, serial_shops, shop, hangedman_decor_opposing,
          bh_chokoban, fedhas_bush_and_centaur_altar, uniq_sigmund,
          uniq_blork_the_orc, uniq_eustachio, uniq_menkaure
D:5:      uniq_duvessa
D:6:      nicolae_qazlal_eye_of_the_storm
D:7:      kennysheep_mini, temple_hall, serial_shops, shop, grunt_livestock
D:8:      lemuel_coloured_pillars_altar, kennysheep_little_box,
          kennysheep_okawaru_gauntlet, uniq_pikel
D:9:      kennysheep_boxes
D:10:     serial_shops, nicolae_shop_trees, st_stairs_1
D:11:     erik_lair_orcish_takeover, minmay_misc_feat_nine_boxes, uniq_harold,
          uniq_grum, uniq_fannar
Temple:   regret_index_temple_waves

Skill      XL: |  1  2  3  4  5  6  7  8  9 10 11 |
---------------+----------------------------------+-----
Earth Magic    | 4 5 6 7 8 9 10 | 10.0
Spellcasting   | 3 4 5 6 7 |  7.4
Conjurations   | 1 2 3 4 5 6 7 8 |  8.0
Fighting       | 1 2 3 5 6 |  6.3
Armour         | 2 3 5 6 |  6.0
Maces & Flails | 2 3 4 5 |  5.8
Dodging        | 2 3 4 5 |  5.2
Evocations     | 2 3 4 5 |  5.1
Fire Magic     | 1 |  1.3
Stealth        | |  2.1
Transmutations | |  0.7

Action                   |  1- 3 |  4- 6 |  7- 9 | 10-12 || total
-------------------------+-------+-------+-------+-------++-------
Melee: Mace              |    33 |       |       |       ||    33
       Unarmed           |     7 |       |       |       ||     7
       Dagger            |    41 |    73 |    78 |       ||   192
       Morningstar       |       |       |   112 |    67 ||   179
       Dire flail        |       |       |       |   162 ||   162
       Staff             |       |       |       |    64 ||    64
 Cast: Sandblast         |     9 |    12 |    44 |   129 ||   194
       Stone Arrow       |       |     3 |    62 |    76 ||   141
       Lee's Rapid Decon |       |       |     5 |    24 ||    29
       Flame Tongue      |       |       |       |     6 ||     6
Evoke: Wand              |       |       |       |     8 ||     8
  Use: Scroll            |       |       |     5 |     4 ||     9
       Potion            |       |       |     2 |    12 ||    14
 Stab: Sleeping          |       |     2 |     4 |       ||     6
       Distracted        |       |       |     1 |       ||     1
  Eat: Chunk             |     1 |     1 |     6 |     6 ||    14
       Ration            |       |     1 |     5 |     5 ||    11
Armor: Robe              |    32 |    27 |   100 |   242 ||   401
Dodge: Dodged            |    76 |    65 |   139 |   292 ||   572

Table legend:
 A = Non-vault XP
 B = Vault XP
 C = Vault XP percentage of total XP
 D = Non-vault monster count
 E = Vault monster count
 F = Vault count percentage of total count
                 A         B        C        D         E       F
            +---------+---------+-------+---------+---------+-------
      Total |   13735 |    3710 |  21.3 |     260 |      19 |   6.8
            +---------+---------+-------+---------+---------+-------
        D:1 |      55 |       0 |   0.0 |      28 |       0 |   0.0
        D:2 |     231 |       0 |   0.0 |      28 |       0 |   0.0
        D:3 |      74 |     277 |  78.9 |      14 |       1 |   6.7
        D:4 |     126 |     915 |  87.9 |      10 |       8 |  44.4
        D:5 |     644 |     232 |  26.5 |      18 |       2 |  10.0
        D:6 |    1169 |       0 |   0.0 |      26 |       0 |   0.0
        D:7 |    1967 |     964 |  32.9 |      31 |       5 |  13.9
        D:8 |    1979 |     663 |  25.1 |      19 |       1 |   5.0
        D:9 |    2402 |       0 |   0.0 |      37 |       0 |   0.0
       D:10 |    5088 |     659 |  11.5 |      49 |       2 |   3.9
            +---------+---------+-------+---------+---------+-------
